 Dungeon Crawl Stone Soup version 0.28.0-53-g5a82cb258f (webtiles) character file.

Game seed: 5898886370117025211

8361 cbfl8 the Cleaver (level 11, -12/97 HPs)
             Began as a Minotaur Fighter on July 19, 2022.
             Was an Elder of Makhleb.
             Killed from afar by an acid dragon (20 damage)
             ... with a splash of acid
             ... on level 10 of the Dungeon.
             The game lasted 00:17:12 (11454 turns).

cbfl8 the Cleaver (Minotaur Fighter)               Turns: 11454, Time: 00:17:13

Health: -12/97     AC: 15    Str: 21    XL:     11   Next: 8%
Magic:  12/12      EV:  9    Int:  5    God:    Makhleb [****..]
Gold:   496        SH:  0    Dex: 14    Spells: 10/10 levels left

rFire   . . .      SeeInvis .   F - +0 battleaxe
rCold   . . .      Faith    +   (shield currently unavailable)
rNeg    . . .      Spirit   .   v - +0 chain mail
rPois   .          Reflect  .   (helmet restricted)
rElec   .          Harm     .   t - +0 cloak
rCorr   .          Rampage  .   (no gloves)
Will    .....                   w - +1 pair of boots
Stlth   ..........              l - amulet of faith
HPRegen 0.26/turn               u - +4 ring of protection
MPRegen 0.13/turn               N - +4 ring of slaying

@: mighty, lethally poisoned (-12 -> -22), corroded, flying
A: horns 2, retaliatory headbutt
a: Renounce Religion, Minor Destruction, Lesser Servant of Makhleb, Major
Destruction


You were on level 10 of the Dungeon.
You worshipped Makhleb.
Makhleb was greatly pleased with you.
You visited 2 branches of the dungeon, and saw 11 of its levels.
You also visited: Sewer.

You collected 548 gold pieces.
You spent 52 gold pieces at shops.

Inventory:

Hand Weapons
 a - a +0 war axe
 F - a +0 battleaxe (weapon)
Missiles
 z - 2 throwing nets (quivered)
Armour
 b - a +0 scale mail
 c - a +0 buckler
 t - a +0 cloak (worn)
 v - a +0 chain mail (worn)
 w - a +1 pair of boots (worn)
Jewellery
 f - an amulet of magic regeneration
 l - an amulet of faith (around neck)
 u - a +4 ring of protection (left hand)
 E - an amulet of guardian spirit
 N - a +4 ring of slaying (right hand)
 O - a ring of protection from fire
Wands
 I - a wand of digging (5)
 L - a wand of polymorph (7)
Scrolls
 i - a scroll of summoning {unknown}
 j - 2 scrolls of magic mapping
 k - 3 scrolls of fog
 m - 2 scrolls of noise {unknown}
 q - 2 scrolls of immolation
 r - a scroll of blinking {unknown}
 x - 3 scrolls of teleportation
 y - a scroll of torment {unknown}
 B - a scroll of enchant armour {unknown}
 C - a scroll of enchant weapon {unknown}
 D - 3 scrolls of holy word
 G - a scroll of silence {unknown}
 K - a scroll of amnesia {unknown}
Potions
 d - 2 potions of mutation {unknown}
 e - a potion of flight
 g - 2 potions of curing
 h - a potion of berserk rage {unknown}
 n - a potion of might
 o - a potion of heal wounds {unknown}
 p - a potion of degeneration {unknown}
 s - 2 potions of haste
 A - a potion of attraction {unknown}
 H - 2 potions of brilliance {unknown}
 J - a potion of lignification {unknown}
Miscellaneous
 M - a phial of floods


   Skills:
 * Level 9.1 Fighting
 + Level 13.3 Axes
 + Level 10.0 Armour
 + Level 3.8 Dodging
 + Level 1.3 Stealth
 + Level 7.3 Shields
 * Level 3.3 Invocations
 * Level 2.3 Evocations


You had 10 spell levels left.
You didn't know any spells.
Your spell library contained the following spells:

 Spells                   Type           Power      Damage    Failure   Level
 Corpse Rot               Necr/Air       0%         N/A       99%         2
 Poisonous Vapours        Pois/Air       0%         N/A       99%         2
 Tukima's Dance           Hex            0%         N/A       100%        3
 Cause Fear               Hex            0%         N/A       100%        4
 Passage of Golubria      Tloc           0%         N/A       100%        4
 Yara's Violent Unravell  Hex/Tmut       0%         3d3       100%        5
 Dragon Form              Tmut           0%         N/A       100%        7
 Dragon's Call            Summ           0%         N/A       100%        9


Dungeon Overview and Level Annotations

Branches:
Dungeon (10/15)            Temple (1/1) D:4            Lair (0/6) D:8
  Sewer (visited)
    Orc: D:9-12

Altars:
Ashenzari
Elyvilon
Hepliaklqana
Makhleb
Qazlal
Uskayaw
Xom
Yredelemnul

Shops:
D:6 !


Innate Abilities, Weirdness & Mutations

You have a pair of horns on your head.
You reflexively headbutt those who attack you in melee.


Message History

The acid dragon is almost dead.
You hit the kobold demonologist.
* * * LOW HITPOINT WARNING * * *
You feel very sick.
The acid dragon bites you but does no damage.
The acid dragon closely misses you.
The kobold demonologist looks satisfied for a moment.
You feel better. The acid dragon bites you.
* * * LOW HITPOINT WARNING * * *
The acid dragon claws you but does no damage.
The iron imp hits you!
* * * LOW HITPOINT WARNING * * *
The kobold demonologist mumbles some strange words.
You feel better.
The shadow imp disappears in a puff of smoke!
The acid dragon closely misses you. x2
The iron imp hits you but does no damage.
The kobold demonologist closely misses you.
You furiously retaliate!
You headbutt the kobold demonologist.
Okay, then.
You feel very mighty all of a sudden. The acid dragon spits acid at you.
The splash of acid hits you!
* * * LOW HITPOINT WARNING * * *
The kobold demonologist hits you but does no damage.
You are lethally poisoned!
You feel better.
The acid dragon bites you but does no damage.
The acid dragon claws you but does no damage.
The kobold demonologist hits you with a +2 dagger of venom.
* * * LOW HITPOINT WARNING * * *
You are lethally poisoned!
It was a potion of flight.
You feel very buoyant.
You fly up into the air.
* * * LOW HITPOINT WARNING * * *
You feel very sick. The acid dragon spits acid at you.
The splash of acid hits you!!
You die...

#.......###
######'##
######+##
##......#
#..######
###.## #...#
##'####### .
#........#
....##........#
......D@K5....#
....#..55.....#
... ##........#
## #........#
##+#######


You could see a kobold demonologist, an acid dragon (catching breath), 2 iron
imps and a shadow imp (summoned).

Vanquished Creatures
  A wolf spider (D:10)
  The ghost of cbfl8 the Chopper, a novice MiAK of Lugonu (D:8)
  An unseen horror (D:9)
  Psyche (D:8)
  A komodo dragon (D:7)
  Grinder (D:3)
  Sigmund (D:3)
  4 yaks (D:6)
  A wyvern (D:7)
  A shadow (D:10)
  Eustachio (D:4)
  A vampire (D:9)
  3 water moccasins
  Pargi (Sewer)
  4 orc warriors
  4 black bears
  2 ogres
  4 ice beasts
  4 centaurs
  2 phantoms
  8 bullfrogs
  3 kobold brigands
  A gnoll sergeant (D:8)
  6 killer bees (D:7)
  11 wights
  A howler monkey (D:8)
  A crimson imp (D:8)
  2 centaur zombies
  A jelly (D:5)
  2 hounds
  2 centaur skeletons
  5 orc priests
  5 iguanas
  A gnoll shaman (D:4)
  3 orc wizards (D:9)
  2 killer bee zombies
  A hound zombie (D:5)
  A hound skeleton (D:4)
  Robin (D:2)
  12 gnolls
  9 adders
  A howler monkey skeleton (D:6)
  2 shadow imps
  3 white imps
  2 adder skeletons (D:4)
  3 worms
  16 orcs
  3 ball pythons
  8 bats
  7 endoplasms
  11 giant cockroaches
  13 goblins
  6 hobgoblins
  2 jackals (D:1)
  21 kobolds
  4 quokkas
  5 frilled lizards
  11 rats
235 creatures vanquished.

Vanquished Creatures (collateral kills)
  A two-headed ogre (D:9)
  A centaur zombie (D:9)
  An orc priest (D:9)
3 creatures vanquished.

Vanquished Creatures (others)
  52 fungi (D:8)
  60 plants (D:8)
112 creatures vanquished.

Grand Total: 350 creatures vanquished

Notes
Turn   | Place    | Note
-------+----------+-------------------------------------------
     0 | D:1      | cbfl8 the Minotaur Fighter began the quest for the Orb.
     0 | D:1      | Reached XP level 1. HP: 19/19 MP: 0/0
   201 | D:1      | Found a faded altar of an unknown god.
   207 | D:1      | Reached XP level 2. HP: 27/27 MP: 1/1
  1074 | D:2      | Reached XP level 3. HP: 33/33 MP: 2/2
  1093 | D:2      | Noticed Robin
  1102 | D:2      | Reached skill level 3 in Axes
  1103 | D:2      | Killed Robin
  1108 | D:2      | Reached XP level 4. HP: 23/41 MP: 3/3
  1333 | D:2      | Reached skill level 1 in Dodging
  1778 | D:2      | Reached skill level 4 in Axes
  2288 | D:3      | Noticed Sigmund
  2299 | D:3      | Killed Sigmund
  2300 | D:3      | Reached skill level 5 in Axes
  2300 | D:3      | Reached skill level 5 in Armour
  2300 | D:3      | Reached XP level 5. HP: 42/47 MP: 4/4
  2300 | D:3      | Reached XP level 6. HP: 48/53 MP: 5/5
  2485 | D:3      | Reached skill level 1 in Stealth
  2918 | D:4      | Noticed Grinder
  2919 | D:4      | Paralysed by Grinder for 2 turns
  2921 | D:4      | Noticed Eustachio
  2927 | D:4      | Reached skill level 5 in Fighting
  2935 | D:3      | Reached skill level 6 in Axes
  2935 | D:3      | Reached XP level 7. HP: 27/61 MP: 6/6
  3227 | D:3      | Killed Grinder
  3592 | D:4      | Killed Eustachio
  3593 | D:4      | Reached skill level 7 in Axes
  3764 | D:4      | Found a staircase to the Ecumenical Temple.
  3813 | Temple   | Entered the Ecumenical Temple
  3866 | Temple   | Became a worshipper of Makhleb the Destroyer
  3959 | D:4      | Reached XP level 8. HP: 61/69 MP: 7/7
  4389 | D:5      | Entered Level 5 of the Dungeon
  4724 | D:5      | Reached skill level 8 in Axes
  4724 | D:5      | Reached skill level 5 in Shields
  5168 | D:5      | Reached * piety under Makhleb
  5178 | D:5      | Reached skill level 9 in Axes
  5357 | D:6      | Found a glowing drain.
  5362 | Sewer    | Entered a sewer
  5462 | Sewer    | Noticed Pargi
  5472 | Sewer    | Killed Pargi
  5606 | D:6      | Reached XP level 9. HP: 78/78 MP: 8/8
  5622 | D:6      | Found a broken altar of Ashenzari.
  5635 | D:6      | Found Alamesuq's Distillery.
  5644 | D:6      | Bought a potion of might for 52 gold pieces
  5661 | D:6      | Reached skill level 10 in Axes
  5921 | D:6      | Reached ** piety under Makhleb
  6070 | D:7      | Reached skill level 11 in Axes
  7027 | D:8      | Noticed Psyche
  7423 | D:8      | Found a large runed translucent door.
  7423 | D:8      | Found a large runed translucent door.
  7427 | D:8      | Noticed cbfl8's ghost (novice MiAK)
  7974 | D:7      | Reached XP level 10. HP: 64/88 MP: 9/9
  7976 | D:7      | Reached *** piety under Makhleb
  8125 | D:7      | Reached skill level 12 in Axes
  8803 | D:8      | Found a staircase to the Lair.
  8982 | D:8      | Killed Psyche
  9220 | D:8      | Reached skill level 1 in Invocations
  9343 | D:8      | Killed cbfl8's ghost
  9580 | D:9      | Reached skill level 13 in Axes
  9805 | D:9      | Reached skill level 1 in Evocations
 10097 | D:9      | Reached **** piety under Makhleb
 10562 | D:9      | Noticed a two-headed ogre
 10572 | D:9      | Killed a two-headed ogre
 10573 | D:9      | Reached skill level 10 in Armour
 10573 | D:9      | Reached XP level 11. HP: 52/95 MP: 10/12
 11001 | D:10     | Entered Level 10 of the Dungeon
 11034 | D:10     | Noticed a wolf spider
 11042 | D:10     | Killed a wolf spider
 11454 | D:10     | Killed from afar by an acid dragon

Illustrated notes

Levels and vault maps discovered:
D:1:      nicolae_arrival_somewhat_less_tricky_arrival, layout_loops_corners,
          chequers_ecumenical_altar_twisty
D:2:      layout_basic, uniq_robin
D:3:      layout_rooms, minmay_misc_feat_nine_boxes, kennysheep_generic_room_2,
          uniq_sigmund
D:4:      layout_cave_pools, temple_pool_b, uniq_grinder, uniq_eustachio
D:5:      layout_loops_cross, hangedman_minor_gate_pass
D:6:      layout_rooms, mainiacjoe_overflow_small_starburst,
          gup_sewer_entry_bowl, serial_shops, shop
D:7:      layout_basic
D:8:      layout_loops_ring, due_lair_maze_entry_diamond,
          ebering_ghost_disaster_area, minmay_fire_ice_demons, uniq_psyche
D:9:      minmay_general_purpose_star, layout_basic
D:10:     layout_roguey [special_room_kobold]
Temple:   mainiacjoe_temple_hex_bubbles

Skill      XL: |  1  2  3  4  5  6  7  8  9 10 11 |
---------------+----------------------------------+-----
Armour         | 4 5 6 7 8 10 | 10.0
Fighting       | 4 5 6 7 8 9 |  9.1
Shields        | 4 5 6 7 |  7.3
Axes           | 3 5 6 7 9 11 13 | 13.3
Dodging        | 1 2 3 |  3.8
Stealth        | 1 |  1.3
Invocations    | 2 3 |  3.3
Evocations     | 2 |  2.3

Action                   |  1- 3 |  4- 6 |  7- 9 | 10-12 || total
-------------------------+-------+-------+-------+-------++-------
Melee: War axe           |    54 |   108 |   316 |   192 ||   670
       Headbutt          |     6 |    19 |    64 |    44 ||   133
       Battleaxe         |       |       |       |    14 ||    14
Invok: Lesser Servant of |       |       |       |     1 ||     1
       Major Destruction |       |       |       |     1 ||     1
  Use: Potion            |     1 |       |       |     8 ||     9
       Scroll            |       |       |       |     6 ||     6
Armor: Scale mail        |    26 |    32 |    19 |       ||    77
       Chain mail        |       |       |   201 |   122 ||   323
       Skin              |       |       |       |    10 ||    10
Dodge: Dodged            |    26 |    66 |   131 |    80 ||   303
Block: Buckler           |    13 |    28 |    88 |    55 ||   184
